AoeStats
← Condorito17

Arena

510855225Analyzed
4v4 RM · 13h ago on Oct 2, 2026· 44m 4s· 8 players
Game mode
Random Map
Map size
Large (8 player)
Population
200
Speed
Normal
Resources
Standard
Victory
Conquest
Starting age
Dark Age
Ending age
Imperial Age
RankedLock teamsTeams togetherTeam positionsShared explorationLock speedFull tech treeHidden civsTurbo modeCheats
Victory
Defeat
🇨🇴 Hindustanis · Colombia
1405
+12
🇨🇴 Italians · Colombia
1380
+12
🇨🇱 Teutons · Chile
1368
+13
🇨🇴 Georgians · Colombia
1355
+13
🇲🇽 Saxons · Mexico
1342
-13
🇵🇹 Varangians · Portugal
1325
-14
🇵🇱 Danes · Poland
1311
-28
🇧🇷 Khmer · Brazil
1232
-10
Yuri
10:56 Feudal Age
15:20 Castle Age
14:00 Double-Bit Axe
14:41 Horse Collar
16:44 Bow Saw
19:19 Town Watch
21:20 Loom
22:12 Wheelbarrow
23:41 Gold Mining
24:10 Scale Barding Armor
25:18 Chain Barding Armor
27:02 Bloodlines
30:57 Imperial Age
29:52 Stone Mining
30:52 Husbandry
33:59 Plate Barding Armor
36:09 Fletching
37:43 Conscription
38:33 Bodkin Arrow
40:26 Bracer
joaopessoense
11:50 Feudal Age
15:01 Castle Age
13:51 Double-Bit Axe
14:50 Loom
22:14 Horse Collar
24:01 Wheelbarrow
25:59 Hand Cart
25:57 Heavy Plow
26:26 Bow Saw
26:44 Fortified Wall
26:44 Town Watch
30:57 Imperial Age
28:33 Fletching
29:06 Padded Archer Armor
29:27 Ballistics
28:34 Elite Skirmisher
31:39 Bodkin Arrow
32:08 Heavy Scorpion
34:04 Husbandry
34:14 Bloodlines
33:25 Cavalier
38:01 Gold Mining
38:27 Double Crossbow
37:56 Light Cavalry
40:20 Conscription
Immaez
10:02 Feudal Age
14:12 Castle Age
15:04 Loom
20:20 Town Watch
21:28 Double-Bit Axe
21:30 Horse Collar
23:43 Wheelbarrow
26:42 Bow Saw
28:30 Hand Cart
28:18 Heavy Plow
35:01 Imperial Age
33:02 Fletching
33:34 Ballistics
33:39 Masonry
33:31 Gold Mining
33:32 Stone Mining
34:48 Gold Shaft Mining
33:54 Pikeman
35:02 Onager
37:59 Siege Engineers
38:17 Conscription
37:36 Halberdier
40:28 Siege Onager
42:38 Scale Mail Armor
xblxavier
10:59 Feudal Age
15:25 Castle Age
14:39 Double-Bit Axe
14:36 Horse Collar
20:33 Scale Mail Armor
21:02 Bow Saw
20:44 Gold Mining
21:22 Squires
22:01 Heavy Plow
22:28 Arson
23:03 Chain Mail Armor
24:12 Forging
24:21 Gambesons
25:29 Wheelbarrow
27:15 Gold Shaft Mining
27:59 Iron Casting
28:27 Hand Cart
33:33 Imperial Age
30:50 Loom
31:56 Stone Mining
33:48 Fletching
33:59 Padded Archer Armor
34:54 Crop Rotation
33:50 Crossbowman
34:56 Thumb Ring
34:50 Bodkin Arrow
36:01 Chemistry
34:29 Arbalester
36:03 Bracer
36:19 Leather Archer Armor
37:09 Ballistics
36:26 Pikeman
37:12 Halberdier
40:51 Ring Archer Armor
40:52 Plate Mail Armor
43:33 Conscription
42:36 Shield Wall
[Legacy]Julio.01
10:41 Feudal Age
14:38 Castle Age
12:35 Double-Bit Axe
16:19 Bow Saw
21:33 Fletching
22:26 Bodkin Arrow
22:40 Loom
27:23 Imperial Age
25:37 Ballistics
27:13 Gold Mining
28:13 Bracer
29:16 Chemistry
29:35 Wheelbarrow
30:42 Padded Archer Armor
31:43 Leather Archer Armor
33:48 Ring Archer Armor
32:40 Crossbowman
33:28 Thumb Ring
35:53 Elite Genoese Crossbowman
37:20 Scale Mail Armor
38:02 Conscription
38:16 Chain Mail Armor
38:41 Forging
41:29 Squires
42:00 Plate Mail Armor
44:02 Iron Casting
44:48 Scale Barding Armor
Solopetrosky
10:13 Feudal Age
14:22 Castle Age
12:42 Double-Bit Axe
13:11 Horse Collar
15:07 Wheelbarrow
16:26 Bow Saw
22:01 Hand Cart
22:42 Heavy Plow
22:57 Stone Mining
25:28 Gold Mining
26:29 Fletching
29:39 Imperial Age
27:40 Scale Barding Armor
27:45 Forging
28:13 Bloodlines
28:03 Husbandry
29:27 Gold Shaft Mining
29:44 Chain Barding Armor
30:00 Iron Casting
29:44 Heavy Camel Rider
31:02 Plate Barding Armor
30:57 Conscription
32:58 Imperial Camel Rider
34:56 Blast Furnace
37:20 Chemistry
37:05 Stone Shaft Mining
37:34 Two-Man Saw
36:41 Padded Archer Armor
37:12 Light Cavalry
37:28 Elite Skirmisher
38:16 Grand Trunk Road
38:35 Leather Archer Armor
38:44 Hussar
40:49 Bodkin Arrow
42:21 Ring Archer Armor
44:38 Bracer
Condorito17
6:47 Loom
9:17 Feudal Age
12:08 Fletching
23:35 Castle Age
29:59 Wheelbarrow
35:21 Forging
35:12 Scale Mail Armor
36:40 Iron Casting
37:44 Hand Cart
41:36 Imperial Age
41:05 Bodkin Arrow
41:10 Padded Archer Armor
43:32 Chemistry
42:45 Heavy Scorpion
[Legacy] matbui
10:05 Feudal Age
14:11 Castle Age
14:13 Double-Bit Axe
14:10 Horse Collar
17:01 Bow Saw
33:12 Imperial Age
30:28 Loom
31:20 Wheelbarrow
32:34 Scale Barding Armor
32:40 Forging
32:48 Husbandry
32:58 Bloodlines
32:43 Stone Mining
32:46 Gold Mining
34:30 Chain Barding Armor
34:45 Iron Casting
33:32 Cavalier
36:05 Plate Barding Armor
37:39 Blast Furnace
39:06 Elite Monaspa
40:07 Conscription
39:57 Aznauri Cavalry
40:32 Hand Cart
40:02 Town Watch
42:11 Heavy Plow
44:00 Caravan
44:31 Coinage
Connection lost

Rejoining the realm…

Still unreachable

The connection could not be restored.

Session expired

The server has moved on; the page needs a fresh start.